 Dungeon Crawl Stone Soup version 0.26-b1-32-g5d43845318 (webtiles) character file.

Game seed: 2300908214872115916

747035 HoaS the Middleweight Champion (level 27, -29/273 HPs)
             Began as a Ghoul Gladiator on Jan 5, 2021.
             Was the Champion of Makhleb.
             Annihilated by a golden dragon (36 damage)
             ... on level 4 of the Realm of Zot on Jan 6, 2021.
             The game lasted 02:45:49 (63280 turns).

HoaS the Middleweight Champion (Ghoul Gladiator)   Turns: 63280, Time: 02:45:49

Health: -29/273    AC: 45    Str: 24 (26) XL:     27
Magic:  0/22       EV: 19    Int: -1 (3)  God:    Makhleb [******]
Gold:   2896       SH:  5    Dex:  9 (15) Spells: 26/26 levels left

rFire    + + .     SeeInvis .     - Unarmed
rCold    + . .     Faith    .   (no shield)
rNeg     + + +     Spirit   .   R - +4 crystal plate armour
rPois    ∞         Reflect  +   b - +2 helmet
rElec    .         Harm     .   N - +1 cloak of Starlight {*Dazzle EV+4 Stlth--}
rCorr    .         Rampage  .   (no gloves)
Will     ++...                  s - +2 pair of boots {run}
Stlth    ..........             h - amulet of reflection
HPRegen  0.00/turn              E - ring of protection from fire
MPRegen  0.18/turn              F - ring of protection from fire

@: slowed, lost intelligence, very slow
A: claws 1, cold resistance 1, negative energy resistance 3, inhibited
regeneration, torment resistance, unbreathing
}: 4/15 runes: decaying, serpentine, silver, abyssal
a: Renounce Religion, Minor Destruction, Lesser Servant of Makhleb, Major
Destruction, Greater Servant of Makhleb


You were on level 4 of the Realm of Zot.
You worshipped Makhleb.
Makhleb was exalted by your worship.
You visited 11 branches of the dungeon, and saw 53 of its levels.
You visited the Abyss 2 times.
You visited 2 bazaars.
You also visited: Sewer, Bailey, Ice Cave and Volcano.

You collected 9097 gold pieces.
You spent 6201 gold pieces at shops.

Inventory:

Missiles
 c - 5 throwing nets (quivered)
Armour
 b - a +2 helmet (worn)
 s - a +2 pair of boots of running (worn)
 N - the +1 cloak of Starlight (worn) {*Dazzle EV+4 Stlth--}
   (You found it on level 14 of the Dungeon)

   It affects your evasion (+4).
   It makes you much less stealthy.
 R - a +4 crystal plate armour (worn)
Jewellery
 h - an amulet of reflection (around neck)
 n - an uncursed ring of resist corrosion
 o - the ring of Athrost {AC+4 Str+3 SInv Stlth-}
   (You found it on level 3 of the Crypt)

   [ring of protection]

   It affects your AC (+4).
   It affects your strength (+3).
   It lets you see invisible.
   It makes you less stealthy.
 t - an uncursed ring of flight
 w - a +4 ring of slaying
 y - the ring "Zerhyos" {rF+ Int+3 Dex-3 Stlth-}
   (You took it off an ironbrand convoker on level 5 of the Vaults)

   [ring of attention]

   It affects your intelligence (+3).
   It affects your dexterity (-3).
   It protects you from fire.
   It makes you less stealthy.
 z - an uncursed ring of willpower
 A - a +4 ring of evasion
 B - the ring of Lady Luck {rPois rC+}
   (You took it off a deep elf high priest on level 3 of the Elven Halls)

   [ring of poison resistance]

   It protects you from cold.
   It protects you from poison.
 D - an uncursed ring of willpower
 E - a ring of protection from fire (left claw)
 F - a ring of protection from fire (right claw)
 H - an uncursed ring of protection from cold
 T - the ring of Liberty {+Blink EV+4}
   (You bought it in a shop on level 4 of the Snake Pit)

   [ring of evasion]

   It affects your evasion (+4).
   It lets you blink.
Wands
 a - a wand of digging (16)
 j - a wand of acid (37)
Scrolls
 i - 6 scrolls of magic mapping
 l - 29 scrolls of remove curse
 m - 7 scrolls of fog
 r - 7 scrolls of summoning
 C - 35 scrolls of identify
 I - 11 scrolls of blinking
 J - 17 scrolls of teleportation
 P - 10 scrolls of fear
Potions
 d - 2 potions of cancellation
 e - 9 potions of might
 f - 17 potions of heal wounds
 g - 15 potions of ambrosia
 k - 9 potions of haste
 p - 11 potions of attraction
 q - 26 potions of curing
 u - 2 potions of invisibility
 v - 9 potions of flight
 x - 4 potions of resistance


   Skills:
 O Level 27 Fighting
 - Level 1.7 Throwing
 + Level 25.4 Armour
 + Level 25.5 Dodging
 O Level 27 Unarmed Combat


You had 26 spell levels left.
You didn't know any spells.
Your spell library contained the following spells:

 Spells                   Type           Power        Failure   Level
 Animate Skeleton         Necr           0%           100%        1
 Corona                   Hex            0%           100%        1
 Foxfire                  Conj/Fire      0%           100%        1
 Magic Dart               Conj           0%           100%        1
 Pain                     Necr           0%           100%        1
 Sandblast                Erth           0%           100%        1
 Shock                    Conj/Air       0%           100%        1
 Summon Small Mammal      Summ           0%           100%        1
 Blink                    Tloc           N/A          100%        2
 Call Imp                 Summ           0%           100%        2
 Corpse Rot               Necr/Air       N/A          100%        2
 Ensorcelled Hibernation  Hex/Ice        0%           100%        2
 Poisonous Vapours        Pois/Air       0%           100%        2
 Searing Ray              Conj           0%           100%        2
 Slow                     Hex            0%           100%        2
 Swiftness                Air            0%           100%        2
 Call Canine Familiar     Summ           0%           100%        3
 Confusing Touch          Hex            0%           100%        3
 Conjure Flame            Conj/Fire      0%           100%        3
 Dazzling Flash           Conj/Hex       0%           100%        3
 Gell's Gravitas          Tloc           0%           100%        3
 Ignite Poison            Fire/Tmut/Pois 0%           100%        3
 Inner Flame              Hex/Fire       0%           100%        3
 Mephitic Cloud           Conj/Pois/Air  0%           100%        3
 Portal Projectile        Hex/Tloc       0%           100%        3
 Static Discharge         Conj/Air       0%           100%        3
 Stone Arrow              Conj/Erth      0%           100%        3
 Summon Guardian Golem    Hex/Summ       0%           100%        3
 Tukima's Dance           Hex            0%           100%        3
 Vampiric Draining        Necr           0%           100%        3
 Airstrike                Air            0%           100%        4
 Animate Dead             Necr           0%           100%        4
 Cause Fear               Hex            0%           100%        4
 Leda's Liquefaction      Hex/Erth       0%           100%        4
 Sticky Flame             Conj/Fire      0%           100%        4
 Summon Ice Beast         Ice/Summ       0%           100%        4
 Summon Lightning Spire   Summ/Air       0%           100%        4
 Agony                    Necr           0%           100%        5
 Alistair's Intoxication  Tmut/Pois      0%           100%        5
 Bolt of Magma            Conj/Fire/Erth 0%           100%        5
 Borgnjor's Vile Clutch   Necr/Erth      0%           100%        5
 Fireball                 Conj/Fire      0%           100%        5
 Irradiate                Conj/Tmut      0%           100%        5
 Lightning Bolt           Conj/Air       0%           100%        5
 Silence                  Hex/Air        0%           100%        5
 Summon Forest            Summ/Tloc      0%           100%        5
 Summon Mana Viper        Hex/Summ       0%           100%        5
 Yara's Violent Unravell  Hex/Tmut       0%           100%        5
 Death Channel            Necr           0%           100%        6
 Dispersal                Tloc           0%           100%        6
 Eringya's Noxious Bog    Tmut/Pois      0%           100%        6
 Freezing Cloud           Conj/Ice/Air   0%           100%        6
 Iron Shot                Conj/Erth      0%           100%        6
 Shadow Creatures         Summ           N/A          100%        6
 Simulacrum               Ice/Necr       0%           100%        6
 Starburst                Conj/Fire      0%           100%        6
 Spellforged Servitor     Conj/Summ      0%           100%        7
 Summon Hydra             Summ           0%           100%        7
 Chain Lightning          Conj/Air       0%           100%        8
 Discord                  Hex            0%           100%        8
 Disjunction              Tloc           0%           100%        8
 Ignition                 Fire           0%           100%        8
 Lehudib's Crystal Spear  Conj/Erth      0%           100%        8
 Absolute Zero            Ice            0%           100%        9
 Fire Storm               Conj/Fire      0%           100%        9
 Shatter                  Erth           0%           100%        9
 Tornado                  Air            0%           100%        9
 Beastly Appendage        Tmut           Unusable     N/A         1
 Sublimation of Blood     Necr           Unusable     N/A         2
 Wereblood                Tmut           Unusable     N/A         2
 Spider Form              Tmut/Pois      Unusable     N/A         3
 Ice Form                 Ice/Tmut       Unusable     N/A         4
 Blade Hands              Tmut           Unusable     N/A         5
 Hydra Form               Tmut           Unusable     N/A         6
 Statue Form              Tmut/Erth      Unusable     N/A         6
 Death's Door             Necr           Unusable     N/A         9

Dungeon Overview and Level Annotations

Branches:
Dungeon (15/15)            Temple (0/1) D:6            Lair (6/6) D:9
  Swamp (4/4) Lair:2        Snake (4/4) Lair:4        Slime (0/5) Lair:6
    Orc (2/2) D:12            Elf (3/3) Orc:2        Vaults (5/5) D:14
  Crypt (3/3) Vaults:2       Tomb (0/3) Crypt:3      Depths (5/5) D:15
   Hell (visited)             Dis (0/7) Hell            Geh (0/7) Hell
    Coc (0/7) Hell            Tar (0/7) Hell            Zot (5/5) Depths:5
  Sewer (visited)          Bailey (visited)           IceCv (visited)
Volcano (visited)

Altars:
Cheibriados
Dithmenos
Gozag
Hepliaklqana
Kikubaaqudgha
Makhleb
Nemelex Xobeh
Okawaru
Qazlal
Ru
Trog
Uskayaw
Xom
Zin
The Shining One
Beogh

Shops:
D:4 !   Orc:2 (}=:   Elf:1 [   Elf:2 !   Snake:4 !=!?   Vaults:2 [   Vaults:4 !
Depths:2 (   Depths:3 :   Depths:4 !

Portals:
Hell: Depths:1 Depths:2 Depths:3 Depths:4 Depths:5
Abyss: Depths:1 Depths:4
Pandemonium: Depths:3 Depths:4
Ziggurat: Depths:4
Trove: Elf:3 (give +3 storm dragon scales)

Annotations:
Zot:5 1 exclusion


Innate Abilities, Weirdness & Mutations

You thrive by killing the living.
You are immune to poison.
You have sharp fingernails.
Your flesh is cold resistant. (rC+)
You are immune to negative energy. (rN+++)
You do not regenerate when monsters are visible.
You are immune to unholy pain and torment.
You can survive without breathing.


Message History

The golden dragon bites you but does no damage.
The golden dragon misses you. x2
You feel much better.
The quicksilver dragon bites you but does no damage.
The quicksilver dragon claws you!
* * * LOW HITPOINT WARNING * * *
You block the quicksilver dragon's attack.
The quicksilver dragon claws you but does no damage.
The golden dragon bites you!
* * * LOW HITPOINT WARNING * * *
You block the golden dragon's attack.
The golden dragon tramples you but does no damage.
You feel you are being watched by something.
Something hits you but does no damage. x2
Something stings you but does no damage.
The quicksilver dragon bites you!
* * * LOW HITPOINT WARNING * * *
The quicksilver dragon closely misses you.
The golden dragon bites you!!!
You die...

#.# #########.#
##.####.......=))
#........#.####..
#..####.##.# ###
###+####+##.# ####
#.........#.# #...
#.........#.###...
#.........#.#.'...
#@D.......#.#.#...
#D..).....#.#.#...
#.........#...#...
#.........'...#...
#.........#####...
#.........# #...
#.......### ####
#.......#
#.......#


You could see a golden dragon (berserk) and a quicksilver dragon (berserk).

Vanquished Creatures
  Mara (Vaults:4)
  3 orbs of fire
  2 juggernauts
  8 ancient liches
  4 royal mummies
  The ghost of dolemite99 the Warrior, a veteran DrFE of Okawaru (Vaults:4)
  2 Killer Klowns
  Saint Roka (Depths:5)
  Frederick (Crypt:1)
  Margery (Depths:4)
  2 curse toes
  4 golden dragons
  Geryon (Hell)
  A caustic shrike (Depths:4)
  Nikola (Swamp:3)
  the Enchantress (Depths:1)
  A bone dragon (Abyss:1)
  A shard shrike zombie (Crypt:1)
  3 hellephants
  2 electric golems (Zot:2)
  Jorgrun (Orc:2)
  12 liches
  21 tentacled monstrosities
  5 Orb Guardians (Zot:5)
  Asterion (Depths:1)
  7 titans
  7 quicksilver dragons
  5 deep elf blademasters
  3 deep elf master archers (Elf:3)
  A death cob (Zot:2)
  Murray (Hell)
  5 sphinxes
  8 ancient champions
  3 thorn hunters
  5 tengu reavers
  13 shadow dragons
  17 storm dragons
  15 tentacled starspawn
  The ghost of Silenth the Unseen, an adept KoHu of Okawaru (Swamp:2)
  3 draconian monks
  13 nagarajas
  A fenstrider witch (Swamp:4)
  10 fire giants
  2 revenants
  An iron dragon (Depths:5)
  2 balrugs (Hell)
  14 vault wardens
  5 ghost moths
  17 frost giants
  A draconian knight (Zot:1)
  5 deep elf elementalists (Elf:3)
  Louise (Swamp:3)
  11 deep elf sorcerers
  A draconian scorcher (Depths:5)
  3 orc warlords
  8 draconian shifters
  2 draconian stormcallers
  6 draconian annihilators
  4 curse skulls
  4 spriggan defenders
  A ghoul (Crypt:2)
  A juggernaut skeleton (Crypt:2)
  2 war gargoyles (Hell)
  9 reapers
  15 ironheart preservers
  19 stone giants
  26 very ugly things
  6 green draconians
  A caustic shrike skeleton (Crypt:1)
  5 vampire knights
  3 black draconians
  A deep elf demonologist (Elf:3)
  3 purple draconians
  10 white draconians
  2 lorocyprocas
  9 yellow draconians
  3 bunyips
  An entropy weaver (Vaults:4)
  4 spark wasps
  7 deep elf annihilators
  7 red draconians
  A bunyip (shapeshifter) (D:15)
  4 blizzard demons (Hell)
  6 eleionomae
  17 ettins
  2 green deaths
  9 jiangshi
  A merfolk javelineer (Depths:1)
  10 eidola
  7 deep elf high priests
  9 deep elf death magi
  14 great orbs of eyes
  21 ogre magi
  2 mummy priests (Crypt:1)
  14 fire dragons
  A shambling mangrove (Swamp:4)
  Fannar (Lair:3)
  36 vault guards
  19 yaktaur captains
  5 rakshasas
  7 boulder beetles
  5 catoblepae
  25 hydras
  14 ice dragons
  22 anacondas
  11 naga warriors
  5 spriggan air magi
  3 death knights
  3 ghost crabs
  2 merfolk aquamancers (Depths:5)
  61 two-headed ogres
  10 alligators
  14 centaur warriors
  A two-headed ogre (shapeshifter) (Depths:5)
  32 dancing weapons
  A satyr (Abyss:3)
  7 death yaks
  11 deep troll earth magi
  8 hell hogs
  9 tengu warriors
  7 deep troll shamans
  8 thrashing horrors
  2 shock serpents (shapeshifter)
  20 small abominations
  10 spriggan berserkers
  10 vampire magi
  6 shock serpents
  12 soul eaters
  A storm dragon zombie (Crypt:2)
  7 naga sharpshooters
  Sonja (Lair:6)
  20 hell knights
  11 sun demons
  2 iron golems (Hell)
  11 wretched stars
  A titan skeleton (Hell)
  7 shadow wraiths
  A fire crab (shapeshifter) (Vaults:5)
  29 skeletal warriors
  33 deep elf knights
  5 goliath frogs
  A salamander mystic (Snake:3)
  2 spatial maelstroms
  A storm dragon skeleton (Abyss:1)
  A spark wasp zombie (Hell)
  2 sixfirhies
  2 golden dragon zombies
  An iron troll (Depths:2)
  A shadow demon (Abyss:4)
  2 unseen horrors (Vaults:1)
  11 flayed ghosts
  15 phantasmal warriors
  A golden dragon skeleton (Crypt:3)
  2 wizards
  2 spriggan druids
  15 swamp dragons
  A deep troll (shapeshifter) (Vaults:5)
  21 deep elf archers
  6 glowing orange brains
  8 naga ritualists
  2 unseen horrors (shapeshifter)
  3 anaconda zombies
  5 bog bodies
  18 deep trolls
  21 orc knights
  6 harpies
  A harpy (shapeshifter) (D:15)
  2 anaconda skeletons (Hell)
  An orange crystal statue (Vaults:1)
  18 ironbrand convokers
  A shadow dragon zombie (Crypt:2)
  6 will-o-the-wisps
  21 necromancers
  70 deep elf magi
  3 orc sorcerers
  46 ugly things
  2 wolf spider zombies (Crypt:3)
  4 wolf spiders
  4 stone giant zombies
  7 mana vipers
  2 fire giant zombies (Hell)
  An oklob plant (D:8)
  5 manticores
  2 frost giant zombies
  A faun (shapeshifter) (Depths:5)
  16 moths of wrath
  8 cyclopes
  3 iron dragon skeletons
  A shadow dragon skeleton (Crypt:3)
  7 salamanders
  2 shock serpent zombies
  3 worldbinders
  3 dire elephant zombies
  3 ice statues
  A manticore (shapeshifter) (Vaults:4)
  5 centaur zombies
  A black mamba (shapeshifter) (D:15)
  A fire giant skeleton (Hell)
  14 guardian serpents
  21 elephants
  10 vault sentinels
  An elephant (shapeshifter) (Depths:4)
  3 stone giant skeletons
  2 apocalypse crabs (Abyss:3)
  29 black mambas
  A frost giant skeleton (Abyss:3)
  10 rust devils
  20 naga magi
  A torpor snail (Lair:6)
  5 gargoyles
  7 cane toads
  2 molten gargoyles
  12 smoke demons
  Psyche (D:11)
  4 orange demons
  2 yaktaur zombies (Hell)
  6 centaur skeletons
  An elf zombie (Hell)
  A yaktaur (shapeshifter) (Depths:4)
  5 spectral swamp worms (Depths:2)
  A catoblepas zombie (Crypt:3)
  3 tengu conjurers
  An emperor scorpion zombie (Hell)
  17 komodo dragons
  4 ice devils
  7 rime drakes
  53 yaktaurs
  A dire elephant skeleton (Crypt:3)
  2 guardian mummies (Crypt:3)
  2 tormentors
  19 ancient zymes
  3 kobold demonologists
  3 komodo dragons (shapeshifter)
  15 hellwings
  4 jumping spiders (Crypt:3)
  12 freezing wraiths
  A merfolk (Depths:5)
  15 polar bears
  A polar bear (shapeshifter) (D:15)
  4 red devils
  A queen bee (Lair:1)
  A troll (shapeshifter) (Vaults:5)
  A bloated husk (Swamp:4)
  A harpy zombie (Crypt:3)
  A hydra zombie (Hell)
  An iron troll skeleton (Crypt:1)
  A black draconian skeleton (Crypt:2)
  A meliai (shapeshifter) (Vaults:5)
  A jumping spider (shapeshifter) (Depths:1)
  A shadow dragon simulacrum (Hell)
  14 trolls
  16 hornets
  A blink frog (shapeshifter) (Elf:2)
  A spriggan zombie (Hell)
  15 raiju
  A boulder beetle zombie (Crypt:1)
  28 slime creatures
  6 tyrant leeches
  A deep troll zombie (Hell)
  4 hydra skeletons
  3 ice dragon zombies (Hell)
  A slime creature (shapeshifter) (Depths:3)
  A fire dragon zombie (Crypt:3)
  A wind drake (shapeshifter) (Depths:3)
  13 blink frogs
  6 dream sheep
  A harpy skeleton (D:12)
  A dream sheep (shapeshifter) (D:15)
  A satyr zombie (Crypt:2)
  An ettin zombie (Crypt:3)
  9 flying skulls
  5 redbacks
  An alligator zombie (Crypt:3)
  4 air elementals
  An alligator skeleton (Hell)
  A human simulacrum (Vaults:2)
  A black mamba zombie (Crypt:3)
  2 vampires
  4 fire dragon skeletons
  13 water elementals
  18 wraiths
  4 shadows
  A spriggan (shapeshifter) (Vaults:5)
  16 spriggans
  2 hogs (shapeshifter)
  A tarantella (shapeshifter) (Depths:3)
  9 ynoxinuls
  An ushabti (Crypt:3)
  Sigmund (D:3)
  A yak (shapeshifter) (Vaults:1)
  6 wyverns
  9 fire bats
  66 yaks
  12 vampire mosquitoes
  6 basilisks
  10 chaos spawn
  A black mamba skeleton (Crypt:3)
  3 neqoxecs (Abyss:3)
  9 fire elementals
  2 steam dragons
  6 wargs
  26 large abominations
  18 swamp worms
  38 nagas
  4 spatial vortices
  A gelid demonspawn skeleton (Crypt:1)
  2 hydra simulacra (Hell)
  An acid dragon (shapeshifter) (Vaults:3)
  A cane toad zombie (Crypt:2)
  3 hell hounds (Hell)
  12 water moccasins
  An acid dragon (D:14)
  A monstrous demonspawn zombie (Crypt:2)
  2 cane toad skeletons (Crypt:2)
  6 floating eyes
  68 orc warriors
  8 swamp drakes
  5 sky beasts
  An eye of draining (shapeshifter) (Elf:2)
  2 hornet zombies
  An ice beast (Abyss:3)
  2 black bears
  46 starcursed masses
  2 black bears (shapeshifter)
  4 phantoms
  A boulder beetle simulacrum (Vaults:1)
  A lindwurm zombie (Crypt:1)
  2 swamp dragon zombies
  54 ogres
  33 wolves
  16 centaurs
  3 necrophages
  10 boggarts
  An ettin simulacrum (Hell)
  A snapping turtle skeleton (Crypt:3)
  8 big kobolds
  19 bullfrogs
  4 earth elementals
  5 gnoll sergeants
  A cane toad simulacrum (Hell)
  A water moccasin zombie (Crypt:1)
  5 wyvern skeletons (Crypt:3)
  4 scorpions
  36 killer bees
  An elf simulacrum (Vaults:3)
  6 electric eels
  25 wights
  A howler monkey (D:4)
  8 lava snakes
  2 crimson imps
  6 quasits
  5 jellies
  4 iron imps
  31 orc priests
  6 hounds
  A human skeleton (Crypt:3)
  2 bullfrog skeletons
  3 iguanas
  Ijyb (D:3)
  Terence (D:2)
  36 orc wizards
  10 worker ants
  A naga zombie (Hell)
  A hound skeleton (D:8)
  A worker ant zombie (D:10)
  14 gnolls
  2 howler monkey skeletons
  8 adders
  3 shadow imps
  4 white imps
  7 ufetubi
  17 oozes (D:8)
  An ooze (shapeshifter) (Depths:2)
  3 adder skeletons
  2 worms (D:3)
  A barachi skeleton (Crypt:2)
  2 dart slugs (D:1)
  8 leopard geckos
  159 orcs
  6 ball pythons
  3 giant cockroaches
  10 goblins
  9 hobgoblins
  15 jackals
  3 quokkas
  7 bats
  9 frilled lizards
  28 kobolds
  A leopard gecko zombie (D:7)
  A quokka skeleton (D:6)
  7 rats
  4 briar patches
  A crawling corpse (Vaults:3)
  A lurking horror (Abyss:1)
  9 starspawn tentacles
  3 withered plants (Crypt:3)
3093 creatures vanquished.

Vanquished Creatures (others)
  A bone dragon (Abyss:4)
  3 fire giants
  2 draconian knights
  A draconian scorcher (Zot:4)
  A very ugly thing (Vaults:5)
  A yellow draconian (Zot:4)
  A black draconian (Zot:4)
  An ice dragon (D:15)
  A great orb of eyes (Vaults:2)
  A hydra (Swamp:3)
  A vampire mage (Depths:3)
  An ogre mage (Vaults:2)
  2 deep elf knights (Elf:2)
  2 soul eaters (Hell)
  A deep troll (Depths:2)
  A flayed ghost (Abyss:4)
  A goliath frog (Swamp:2)
  An unseen horror (shapeshifter) (Elf:2)
  A naga ritualist (Snake:4)
  2 spriggan druids
  A deep elf mage (Elf:3)
  2 ancient zymes (Abyss:4)
  A polar bear (shapeshifter) (Vaults:5)
  2 bloated husks
  4 hornets
  3 spriggans
  A shadow (Abyss:4)
  2 yaks (IceCv)
  2 fire bats (Abyss:4)
  A large abomination (Abyss:4)
  A chaos spawn (Abyss:4)
  2 nagas (Snake:4)
  15 starcursed masses (Abyss:4)
  An ogre (Vaults:5)
  3 boggarts
  3 small abominations
  3 briar patches
  42 foxfires
  23 fungi
  A lurking horror (Abyss:3)
  66 plants
  23 starspawn tentacles
  4 toadstools (D:1)
  18 withered plants (Crypt:3)
250 creatures vanquished.

Grand Total: 3343 creatures vanquished

Notes
Turn   | Place    | Note
-------+----------+-------------------------------------------
     0 | D:1      | HoaS the Ghoul Gladiator began the quest for the Orb.
     0 | D:1      | Reached XP level 1. HP: 17/17 MP: 0/0
   279 | D:1      | Reached XP level 2. HP: 24/24 MP: 1/1
   708 | D:1      | Reached XP level 3. HP: 20/29 MP: 2/2
  1037 | D:2      | Found a shadowy altar of Dithmenos.
  1037 | D:2      | Noticed Terence
  1046 | D:2      | Killed Terence
  1047 | D:2      | Reached skill level 5 in Unarmed Combat
  1060 | D:2      | Reached XP level 4. HP: 30/36 MP: 3/3
  1183 | D:2      | Noticed a bullfrog
  1196 | D:2      | Killed a bullfrog
  1197 | D:2      | Reached XP level 5. HP: 37/41 MP: 4/4
  2100 | D:3      | Noticed Ijyb
  2117 | D:3      | Killed Ijyb
  2184 | D:3      | Reached XP level 6. HP: 45/48 MP: 5/5
  2212 | D:3      | Noticed Sigmund
  2229 | D:3      | Killed Sigmund
  2236 | D:3      | Found a glowing golden altar of the Shining One.
  2432 | D:4      | Noticed a phantom
  2443 | D:4      | Killed a phantom
  2444 | D:4      | Reached XP level 7. HP: 55/55 MP: 6/6
  2474 | D:4      | Found Jefen's Distillery.
  2954 | D:5      | Entered Level 5 of the Dungeon
  2987 | D:5      | Found a shimmering altar of Xom.
  2989 | D:5      | Found a shimmering altar of Xom.
  2989 | D:5      | Found a shimmering altar of Xom.
  2991 | D:5      | Found a shimmering altar of Xom.
  2992 | D:5      | Found a shimmering altar of Xom.
  3167 | D:5      | Found a glowing drain.
  3178 | Sewer    | Entered a sewer
  3496 | Sewer    | Reached skill level 10 in Unarmed Combat
  4066 | D:5      | Identified a +1 pair of boots of running (You found it on
                  | level 5 of the Dungeon)
  4222 | D:5      | Reached XP level 8. HP: 56/61 MP: 7/7
  4423 | D:6      | Found a burning altar of Makhleb.
  4449 | D:6      | Became a worshipper of Makhleb the Destroyer
  4588 | D:6      | Found a staircase to the Ecumenical Temple.
  4642 | D:6      | Found an opulent altar of Gozag.
  5140 | D:7      | Found a hide-covered altar of Uskayaw.
  5147 | D:7      | Found a stormy altar of Qazlal.
  5235 | D:7      | Found a sparkling altar of Nemelex Xobeh.
  5238 | D:7      | Found a shimmering altar of Xom.
  5248 | D:7      | Reached XP level 9. HP: 68/68 MP: 8/8
  5257 | D:7      | Found a bloodstained altar of Trog.
  5280 | D:7      | Reached skill level 1 in Armour
  5285 | D:7      | Reached * piety under Makhleb
  5392 | D:7      | Found a snail-covered altar of Cheibriados.
  5464 | D:7      | Noticed a hornet
  5484 | D:7      | Killed a hornet
  6291 | D:8      | Reached ** piety under Makhleb
  6780 | D:8      | Reached XP level 10. HP: 61/80 MP: 9/9
  6820 | D:8      | Noticed an oklob plant
  7220 | D:9      | Noticed a cyclops
  7313 | D:9      | Reached skill level 5 in Fighting
  7343 | D:9      | Reached *** piety under Makhleb
  7373 | D:9      | Reached skill level 5 in Dodging
  7375 | D:9      | Found a staircase to the Lair.
  8278 | D:9      | Noticed a two-headed ogre
  8293 | D:9      | Killed a two-headed ogre
  8348 | D:9      | Killed a cyclops
  8388 | D:9      | Noticed a two-headed ogre
  8393 | D:9      | Killed a two-headed ogre
  8394 | D:9      | Reached skill level 5 in Armour
  8394 | D:9      | Reached XP level 11. HP: 91/91 MP: 10/10
  8563 | D:9      | Found an ancient bone altar of Kikubaaqudgha.
  8563 | D:9      | Found a glowing silver altar of Zin.
  8639 | D:10     | Entered Level 10 of the Dungeon
  8809 | D:10     | Reached **** piety under Makhleb
  9331 | Lair:1   | Entered Level 1 of the Lair of Beasts
  9653 | Lair:1   | Reached skill level 15 in Unarmed Combat
  9787 | Lair:1   | Reached ***** piety under Makhleb
 10233 | Lair:2   | Noticed a five-headed hydra
 10249 | Lair:2   | Killed a five-headed hydra
 10250 | Lair:2   | Reached XP level 12. HP: 101/101 MP: 11/11
 10301 | Lair:2   | Found a staircase to the Swamp.
 10396 | Lair:2   | Found a dark tunnel.
 10484 | Volcano  | Entered a volcano
 11009 | Volcano  | Found a bloodstained altar of Trog.
 11009 | Volcano  | Noticed a centaur warrior
 11018 | Volcano  | Killed a centaur warrior
 11029 | Volcano  | Noticed a red draconian
 11040 | Volcano  | Killed a red draconian
 12061 | Lair:3   | Noticed a six-headed hydra
 12071 | Lair:3   | Killed a six-headed hydra
 12252 | Lair:3   | Noticed a four-headed hydra
 12270 | Lair:3   | Killed a four-headed hydra
 12329 | Lair:3   | Noticed Fannar
 12346 | Lair:3   | Killed Fannar
 12430 | Lair:3   | Reached XP level 13. HP: 111/111 MP: 12/12
 12864 | Lair:3   | Reached XP level 14. HP: 118/118 MP: 13/13
 12998 | Lair:4   | Found a staircase to the Snake Pit.
 13077 | Lair:4   | Reached skill level 10 in Fighting
 15080 | Lair:6   | Entered Level 6 of the Lair of Beasts
 15158 | Lair:6   | Reached ****** piety under Makhleb
 15286 | Lair:6   | Found a staircase to the Slime Pits.
 15316 | Lair:6   | Reached XP level 15. HP: 123/128 MP: 14/14
 15656 | Lair:6   | Noticed Sonja
 15694 | Lair:6   | Killed Sonja
 16363 | Lair:6   | HP: 4/130 [catoblepas (9)]
 17085 | Lair:6   | Reached skill level 10 in Dodging
 17394 | D:11     | Noticed Psyche
 17396 | D:11     | Killed Psyche
 17959 | D:12     | Found a frozen archway.
 18002 | IceCv    | Entered an ice cave
 18228 | IceCv    | Reached skill level 10 in Armour
 18498 | IceCv    | Noticed a frost giant
 18524 | IceCv    | Killed a frost giant
 18708 | D:12     | Found a staircase to the Orcish Mines.
 18958 | D:12     | Reached XP level 16. HP: 139/139 MP: 15/15
 19338 | Orc:1    | Entered Level 1 of the Orcish Mines
 19755 | Orc:2    | Entered Level 2 of the Orcish Mines
 19782 | Orc:2    | Found a staircase to the Elven Halls.
 19979 | Orc:2    | Noticed Jorgrun
 20013 | Orc:2    | Killed Jorgrun
 20057 | Orc:2    | Found a roughly hewn altar of Beogh.
 20430 | Orc:2    | Found Nacoakhle's Gadget Emporium.
 20430 | Orc:2    | Found Poled's Antique Weapon Boutique.
 20431 | Orc:2    | Found Ekeub's Book Shop.
 20431 | Orc:2    | Found Taif's Jewellery Emporium.
 21418 | Orc:2    | Bought a +4 ring of evasion for 612 gold pieces
 21623 | D:14     | Reached XP level 17. HP: 150/150 MP: 16/16
 21659 | D:14     | Found a flagged portal.
 21671 | Bailey   | Entered a bailey
 22311 | D:14     | Found a sacrificial altar of Ru.
 22336 | D:14     | Found the +1 cloak of Starlight {*Dazzle EV+4 Stlth--}
 22488 | D:14     | Found a gate to the Vaults.
 22806 | D:15     | Entered Level 15 of the Dungeon
 23284 | D:15     | Found a staircase to the Depths.
 23942 | D:15     | Identified a scroll of acquirement
 23942 | D:15     | Acquired a manual of Fighting
 24230 | Swamp:1  | Entered Level 1 of the Swamp
 24899 | Swamp:2  | Noticed Silenth's ghost (adept KoHu)
 25288 | Swamp:2  | Found a transporter.
 25293 | Swamp:2  | Found a transporter.
 25450 | Swamp:3  | Noticed Nikola
 25471 | Swamp:3  | Reached skill level 15 in Fighting
 25485 | Swamp:3  | Reached XP level 18. HP: 128/163 MP: 17/17
 25830 | Swamp:3  | Killed Nikola
 26202 | Swamp:3  | Noticed Louise
 26234 | Swamp:3  | Killed Louise
 26701 | Swamp:4  | Entered Level 4 of the Swamp
 27062 | Swamp:4  | Got a decaying rune of Zot
 27506 | Swamp:2  | Killed Silenth's ghost
 27942 | Snake:1  | Entered Level 1 of the Snake Pit
 28372 | Snake:1  | Reached XP level 19. HP: 174/174 MP: 18/18
 28628 | Snake:1  | Found a gateway to a bazaar.
 28644 | Bazaar   | Entered a bazaar
 28661 | Bazaar   | Found Netoh's Antique Armour Emporium.
 28689 | Bazaar   | Found Haesa's General Store.
 28689 | Bazaar   | Found Nosk's Book Shoppe.
 28710 | Bazaar   | Found Ehauji's Antique Weapon Emporium.
 28710 | Bazaar   | Found Cirheng's Assorted Antiques.
 28842 | Bazaar   | Bought a crystal plate armour for 1280 gold pieces
 30445 | Snake:4  | Entered Level 4 of the Snake Pit
 30533 | Snake:4  | Found Ududapreging's Distillery.
 30536 | Snake:4  | Bought a potion of heal wounds for 85 gold pieces
 30536 | Snake:4  | Bought a potion of curing for 51 gold pieces
 30536 | Snake:4  | Bought a potion of mutation for 136 gold pieces
 30536 | Snake:4  | Bought a potion of curing for 51 gold pieces
 30818 | Snake:4  | Found Jyexit's Jewellery Shoppe.
 30826 | Snake:4  | Bought the ring of Liberty {+Blink EV+4} for 750 gold
                  | pieces
 31176 | Snake:4  | Found Suckiydgh's Distillery.
 31180 | Snake:4  | Found Qusa's Magic Scroll Shoppe.
 31498 | Snake:4  | Bought a potion of curing for 45 gold pieces
 31498 | Snake:4  | Bought a potion of curing for 45 gold pieces
 31498 | Snake:4  | Bought a potion of curing for 45 gold pieces
 31498 | Snake:4  | Bought a potion of curing for 45 gold pieces
 31498 | Snake:4  | Bought a potion of heal wounds for 75 gold pieces
 31503 | Snake:4  | Bought a scroll of teleportation for 60 gold pieces
 31503 | Snake:4  | Bought a scroll of teleportation for 60 gold pieces
 31794 | Snake:4  | Reached XP level 20. HP: 187/187 MP: 19/19
 31943 | Snake:4  | Got a serpentine rune of Zot
 32312 | Elf:1    | Entered Level 1 of the Elven Halls
 32556 | Elf:1    | Found Ygumuile's Antique Armour Emporium.
 32890 | Elf:1    | You fall into a shaft and drop 1 floor!
 33270 | Elf:2    | Found a runed translucent gate.
 33271 | Elf:2    | Found a runed translucent gate.
 33276 | Elf:2    | Found a runed translucent gate.
 33574 | Elf:2    | Found Leorun's Distillery.
 33582 | Elf:2    | Bought a potion of heal wounds for 65 gold pieces
 33582 | Elf:2    | Bought a potion of heal wounds for 65 gold pieces
 33582 | Elf:2    | Bought a potion of heal wounds for 65 gold pieces
 33582 | Elf:2    | Bought a potion of curing for 39 gold pieces
 33582 | Elf:2    | Bought a potion of might for 52 gold pieces
 34416 | Vaults:1 | Entered Level 1 of the Vaults
 34687 | Vaults:1 | Reached XP level 21. HP: 199/199 MP: 20/20
 35715 | Vaults:1 | Found a gateway to a bazaar.
 35726 | Vaults:1 | Lost intelligence.
 36316 | Bazaar   | Entered a bazaar
 36320 | Bazaar   | Found Mudu's Jewellery Boutique.
 36338 | Bazaar   | Found Masueruo's Antique Armour Emporium.
 36355 | Bazaar   | Found Fyesadelun's Book Boutique.
 36372 | Bazaar   | Found Bonuamul's Gadget Shoppe.
 36671 | Vaults:2 | Reached skill level 15 in Dodging
 36707 | Vaults:2 | Paralysed by a great orb of eyes for 4 turns
 36853 | Vaults:2 | Found Xuva's Armour Shop.
 37025 | Vaults:2 | Reached skill level 15 in Armour
 37186 | Vaults:2 | Reached XP level 22. HP: 211/211 MP: 21/21
 37227 | Vaults:2 | Found a staircase to the Crypt.
 37523 | Vaults:2 | You fall into a shaft and drop 1 floor!
 39040 | Vaults:4 | Noticed Mara
 39051 | Vaults:4 | Noticed HoaS's illusion
 39089 | Vaults:4 | Killed Mara
 39582 | Vaults:4 | Found a runed translucent gate.
 39583 | Vaults:4 | Found a runed translucent gate.
 39583 | Vaults:4 | Found a runed translucent gate.
 39583 | Vaults:4 | Noticed dolemite99's ghost (veteran DrFE)
 39596 | Vaults:4 | Found Geuritt's Distillery.
 39766 | Vaults:4 | Reached XP level 23. HP: 222/222 MP: 22/22
 40039 | Vaults:4 | Found an iron altar of Okawaru.
 40203 | Vaults:4 | Killed dolemite99's ghost
 40365 | Crypt:1  | Entered Level 1 of the Crypt
 40563 | Crypt:1  | Noticed a royal mummy
 40579 | Crypt:1  | Killed a royal mummy
 40590 | Crypt:1  | Noticed a royal mummy
 40607 | Crypt:1  | Killed a royal mummy
 40614 | Crypt:1  | Noticed a royal mummy
 40624 | Crypt:1  | Killed a royal mummy
 40627 | Crypt:1  | Found the +7 sceptre of Torment {pain, torment}
 40659 | Crypt:1  | You fall into a shaft and drop 1 floor!
 40659 | Crypt:2  | Found an ancient bone altar of Kikubaaqudgha.
 40799 | Crypt:1  | Noticed Frederick
 40813 | Crypt:1  | Killed Frederick
 40829 | Crypt:1  | Reached skill level 27 in Unarmed Combat
 41981 | Crypt:3  | Entered Level 3 of the Crypt
 42051 | Crypt:3  | Reached XP level 24. HP: 236/236 MP: 22/22
 42272 | Crypt:3  | Got a scintillating platinum ring
 42289 | Crypt:3  | Noticed an ancient lich
 42298 | Crypt:3  | Killed an ancient lich
 42301 | Crypt:3  | Identified the ring of Athrost {AC+4 Str+3 SInv Stlth-}
                  | (You found it on level 3 of the Crypt)
 42316 | Crypt:3  | Noticed an ancient lich
 42337 | Crypt:3  | Cast into level 5 of the Abyss (an ancient lich)
 42337 | Abyss:5  | Entered Level 5 of the Abyss
 42492 | Crypt:3  | Escaped the Abyss
 42495 | Crypt:3  | Found the +8 arc blade {discharge, rElec}
 42497 | Crypt:3  | Identified the Tome of Evil
 42510 | Crypt:3  | Killed an ancient lich
 42639 | Crypt:3  | Found an ancient bone altar of Kikubaaqudgha.
 42978 | Crypt:3  | Noticed a royal mummy
 43607 | Crypt:3  | Killed a royal mummy
 43661 | Crypt:3  | Found a staircase to the Tomb.
 44310 | Depths:1 | Entered Level 1 of the Depths
 44427 | Depths:1 | Found a one-way gate to the infinite horrors of the Abyss.
 44581 | Depths:1 | Noticed the Enchantress
 44613 | Depths:1 | Killed the Enchantress
 44614 | Depths:1 | Reached XP level 25. HP: 250/250 MP: 22/22
 44769 | Depths:1 | Noticed Asterion
 44785 | Depths:1 | Killed Asterion
 45167 | Depths:1 | Paralysed by a floating eye for 4 turns
 45283 | Depths:1 | Found a gateway to Hell.
 45801 | Depths:2 | Found Vijiusau's Antique Weapon Boutique.
 46778 | Depths:3 | Found a one-way gate leading to the halls of Pandemonium.
 46836 | Depths:3 | Paralysed by a great orb of eyes for 5 turns
 46977 | Depths:3 | Noticed a juggernaut
 46990 | Depths:3 | Killed a juggernaut
 47089 | Depths:3 | Found a hazy altar of Hepliaklqana.
 47089 | Depths:3 | Found a sacrificial altar of Ru.
 47141 | Depths:3 | Found Lideuts's Book Shop.
 47690 | Snake:4  | Bought a scroll of acquirement for 1040 gold pieces
 47690 | Snake:4  | Acquired 325 gold pieces
 48610 | Depths:4 | Found Xasilew's Distillery.
 48646 | Depths:4 | Bought a potion of heal wounds for 95 gold pieces
 48646 | Depths:4 | Bought a potion of heal wounds for 95 gold pieces
 48646 | Depths:4 | Bought a potion of curing for 57 gold pieces
 48646 | Depths:4 | Bought a potion of curing for 57 gold pieces
 48646 | Depths:4 | Bought a potion of curing for 57 gold pieces
 48685 | Depths:4 | Reached XP level 26. HP: 264/264 MP: 22/22
 48825 | Depths:4 | Found a gateway to a ziggurat.
 48949 | Depths:4 | Reached skill level 27 in Fighting
 49214 | Depths:4 | Noticed Margery
 49263 | Depths:4 | Killed Margery
 49700 | Depths:5 | Entered Level 5 of the Depths
 49722 | Depths:5 | Paralysed by a floating eye for 4 turns
 49742 | Depths:5 | Found a glowing golden altar of the Shining One.
 49771 | Depths:5 | Noticed a juggernaut
 49776 | Depths:5 | Killed a juggernaut
 49845 | Depths:5 | Got a wavering ivory ring
 49846 | Depths:5 | Identified the ring "Myleg" {rPois rN+} (You found it on
                  | level 5 of the Depths)
 49894 | Depths:5 | Found a glowing silver altar of Zin.
 49967 | Depths:5 | Paralysed by a floating eye for 2 turns
 50001 | Depths:5 | Got a bound ivory ring
 50002 | Depths:5 | Identified the ring "Xeysekk" {rC+ EV+4 Str+7 Int-5} (You
                  | found it on level 5 of the Depths)
 50023 | Depths:5 | Paralysed by a lich for 4 turns
 50067 | Depths:5 | Paralysed by a floating eye for 3 turns
 50132 | Depths:5 | Got a faintly glowing brass ring
 50175 | Depths:5 | Found a gate to the Realm of Zot.
 50179 | Depths:5 | Identified the ring of Reqiq {Ice rPois rN+ Will+ Slay-5}
                  | (You found it on level 5 of the Depths)
 50228 | Depths:5 | Found a transporter.
 50390 | Depths:5 | Found a transporter.
 50439 | Depths:5 | Noticed Saint Roka
 50467 | Depths:5 | Killed Saint Roka
 50468 | Depths:5 | Reached XP level 27. HP: 273/273 MP: 22/22
 50821 | Vaults:5 | Entered Level 5 of the Vaults
 50987 | Vaults:5 | Paralysed by a floating eye for 4 turns
 51211 | Vaults:5 | Identified Plog's Papyrus of Harmful Clay
 51235 | Vaults:5 | Identified the Disquisition on Vitriolic Confrontation
 51387 | Vaults:5 | Noticed an ancient lich
 51396 | Vaults:5 | Killed an ancient lich
 51531 | Vaults:5 | Acquired 660 gold pieces
 51602 | Vaults:5 | Noticed an ancient lich
 51615 | Vaults:5 | Killed an ancient lich
 51628 | Vaults:5 | Noticed an ancient lich
 51634 | Vaults:5 | Identified the ring "Zerhyos" {rF+ Int+3 Dex-3 Stlth-}
 51655 | Vaults:5 | Killed an ancient lich
 51682 | Vaults:5 | Identified the +7 dagger of Stickiness {vorpal, Str+7}
 51735 | Vaults:5 | Found the amulet of the Air {Inacc +Fly rElec EV+5 RMsl}
 51747 | Vaults:5 | Got a silver rune of Zot
 51814 | Vaults:5 | Identified Sif Muna's Catalogue of Enthralling
                  | Translocation
 52375 | Vaults:5 | Got a slimy chain mail
 52376 | Vaults:5 | Identified the +2 chain mail of Plog {rCorr Str+2} (You
                  | found it on level 5 of the Vaults)
 52584 | Depths:1 | Voluntarily entered the Abyss.
 52584 | Abyss:1  | Found a corrupted altar of Lugonu.
 52591 | Abyss:1  | Lost intelligence.
 52667 | Abyss:1  | Found a sacrificial altar of Ru.
 52812 | Abyss:1  | Paralysed by accursed screaming for 1 turns
 54129 | Abyss:4  | Paralysed by accursed screaming for 1 turns
 54390 | Abyss:4  | Noticed an ancient lich
 54416 | Abyss:4  | Killed an ancient lich
 54566 | Abyss:4  | Got an abyssal rune of Zot
 54645 | Abyss:5  | Entered Level 5 of the Abyss
 54651 | Depths:1 | Escaped the Abyss
 54700 | Hell     | Entered the Vestibule of Hell
 54764 | Hell     | Noticed an ancient lich
 54764 | Hell     | Noticed Geryon
 54791 | Hell     | Noticed Murray
 54824 | Hell     | Killed an ancient lich
 54832 | Hell     | Killed Murray
 55118 | Hell     | Found a gateway to the decaying netherworld of Tartarus.
 55175 | Hell     | Killed Geryon
 55304 | Hell     | Found a gateway to the Iron City of Dis.
 55435 | Hell     | Found a gateway to the ashen valley of Gehenna.
 55545 | Hell     | Found a gateway to the freezing wastes of Cocytus.
 55785 | Zot:1    | Entered Level 1 of the Realm of Zot
 56282 | Snake:4  | Bought an uncursed ring of willpower for 375 gold pieces
 56634 | Elf:3    | Entered Level 3 of the Elven Halls
 57371 | Elf:3    | Identified the amulet "Jiuguk" {rF- Regen+ Int+6}
 57386 | Elf:3    | Identified the ring "Uxeurph" {rPois MP+9 Dex+3 Slay+2}
 57406 | Elf:3    | Identified the +7 battleaxe of Bovibeig {vorpal, Will+
                  | Str+4 Dex-2}
 57406 | Elf:3    | Identified the ring "Atiwk" {rPois MP+9}
 57570 | Elf:3    | Found a portal to a secret trove of treasure.
 57685 | Elf:3    | Identified the ring of Lady Luck {rPois rC+}
 57730 | Elf:3    | Identified the Guide on the Cankerous Entourage
 57738 | Elf:3    | Identified the Disquisition on Stones and the Escort
 57740 | Elf:3    | Identified Rotenuic's Reference Book on the Arsonist and
                  | Summoning
 58543 | Orc:2    | Bought an uncursed ring of protection from fire for 425
                  | gold pieces
 58543 | Orc:2    | Bought a cursed ring of protection from fire for 374 gold
                  | pieces
 58882 | Zot:1    | Noticed an orb of fire
 58909 | Zot:1    | Killed an orb of fire
 58955 | Zot:1    | You fall into a shaft and drop 1 floor!
 60780 | Zot:3    | You fall into a shaft and drop 1 floor!
 62579 | Zot:5    | Entered Level 5 of the Realm of Zot
 62579 | Zot:5    | Found a huge runed gate.
 62579 | Zot:5    | Found a huge runed gate.
 62579 | Zot:5    | Found a huge runed gate.
 62579 | Zot:5    | Found a huge runed gate.
 62579 | Zot:5    | Found a huge runed gate.
 62592 | Zot:5    | Found a huge runed gate.
 62593 | Zot:5    | Found a huge runed gate.
 62593 | Zot:5    | Found a huge runed gate.
 62665 | Zot:5    | Found a huge runed gate.
 62665 | Zot:5    | Found a huge runed gate.
 62700 | Zot:5    | Found a huge runed gate.
 62700 | Zot:5    | Found a huge runed gate.
 62700 | Zot:5    | Found a huge runed gate.
 62700 | Zot:5    | Found a huge runed gate.
 62700 | Zot:5    | Found a huge runed gate.
 62701 | Zot:5    | Found a huge runed gate.
 62702 | Zot:5    | Found a huge runed gate.
 62703 | Zot:5    | Found a huge runed gate.
 62704 | Zot:5    | Found a huge runed gate.
 62705 | Zot:5    | Found a huge runed gate.
 62706 | Zot:5    | Found a huge runed gate.
 62707 | Zot:5    | Found a huge runed gate.
 62708 | Zot:5    | Found a huge runed gate.
 62709 | Zot:5    | Found a huge runed gate.
 62734 | Zot:5    | Found a huge runed gate.
 62735 | Zot:5    | Found a huge runed gate.
 62735 | Zot:5    | Found a huge runed gate.
 62736 | Zot:5    | Found a huge runed gate.
 62737 | Zot:5    | Found a huge runed gate.
 62737 | Zot:5    | Found a huge runed gate.
 62739 | Zot:5    | Found a huge runed gate.
 62824 | Zot:5    | Found a huge runed gate.
 63045 | Zot:5    | Found a huge runed gate.
 63046 | Zot:5    | Found a huge runed gate.
 63153 | Zot:5    | Noticed an orb of fire
 63153 | Zot:5    | Noticed an orb of fire
 63154 | Zot:5    | Noticed an ancient lich
 63157 | Zot:5    | Lost intelligence.
 63176 | Zot:4    | Killed an orb of fire
 63188 | Zot:4    | Killed an orb of fire
 63196 | Zot:4    | Killed an ancient lich
 63279 | Zot:4    | HP: 11/273 [quicksilver dragon (13)]
 63280 | Zot:4    | Annihilated by a golden dragon

Illustrated notes

Levels and vault maps discovered:
D:1:      ldierk_walled_garden_2, layout_basic, minmay_tetromino_o2
D:2:      minmay_razor_zed, layout_basic, lemuel_crystal_altar, uniq_terence
D:3:      layout_rooms, lemuel_doored_altar, uniq_sigmund, uniq_ijyb
D:4:      layout_loops_cross, serial_shops, nicolae_shop_behind_doors
D:5:      layout_cave_pods, portal_sewer_entry_f, xom_redecorated
D:6:      layout_gridville, makhleb_heckhound_becter, minmay_temple_entry_waves,
          minmay_tree_intersection, grunt_gozag_breadcrumbs
D:7:      layout_layer_cave, grunt_temple_overflow_cloverleaf, minitemple
D:8:      lemuel_slime, layout_loops_corners
D:9:      layout_rooms, gammafunk_temple_overflow_elements, erik_lair_dragon
D:10:     layout_roguey
D:11:     layout_rooms, uniq_psyche
D:12:     layout_roguey, kennysheep_orc_monster_closet_entryway,
          portal_ice_cave_entry_animals_and_master
D:13:     layout_rooms
D:14:     layout_long_grid, david_vaults_1, enter_bailey_4,
          hangedman_abyss_or_decor_slice, basic_altar, minmay_crystal_room,
          nicolae_lava_and_water
D:15:     gammafunk_enter_depths_forms, layout_loops_ring,
          hangedman_decor_slide_cut, minivault_26, minmay_misc_feat_rugged,
          minmay_shattered_shrine
Lair:1:   layout_roguey [special_room_bee], grunt_megastairs_5
Lair:2:   layout_regular_city, swamp_mist_pool, nicolae_volcano_entry_two_sided,
          st_stairs_4
Lair:3:   layout_regular_city, serial_bayou_shore_b, lemuel_fruit_tree,
          grunt_megastairs_1, uniq_fannar
Lair:4:   layout_regular_city, minmay_snake_entry_guardpost_medium,
          beast_lair_carwin_1, serial_bayou_shore_b, serial_bayou_shore_b
Lair:5:   layout_loops_ring, nicolae_quartered_pool_medium,
          serial_bayou_shore_b, grunt_megastairs_4
Lair:6:   grunt_lair_end_beastmaster, layout_layer_cave, slime_dummy,
          serial_bayou_lagoon_a, minmay_lair_drake_nest, grunt_megastairs_2,
          uniq_sonja
Swamp:1:  layout_basic_swamp, nicolae_swamp_triple_paths
Swamp:2:  layout_basic_swamp, gammafunk_ghost_arena,
          evilmike_swamp_ruin_house_6, swamp_pool1, nicolae_swamp_dense_foliage,
          infiniplex_staircase_pool
Swamp:3:  layout_basic_swamp, serial_swamp_ruin, evilmike_swamp_ruin_rubble_1,
          evilmike_swamp_ruin_house_4, uniq_nikola, uniq_louise
Swamp:4:  swamp, layout_basic_swamp
Snake:1:  nicolae_snakescales, layout_grid_maze, serial_shops, bzr_entry_dummy
Snake:2:  layout_rooms
Snake:3:  cheibrodos_snake_ritualist_ritual, layout_grid_maze
Snake:4:  grunt_snake_rune_serpentine_throne, layout_cave_town, serial_shops,
          shop, shop, nicolae_shop_trees, nicolae_shop_stone
Orc:1:    layout_diamond_mine
Orc:2:    st_orc_ogre_mass, layout_diamond_mine, minmay_orc_temple_a,
          uniq_jorgrun
Elf:1:    layout_geoelf_grid, serial_shops, shop,
          hangedman_elven_crosses_minicolossus
Elf:2:    layout_loops_cross, serial_shops, shop
Elf:3:    minmay_elf_hall_statues, layout_geoelf_diagonals,
          nicolae_trove_entry_diagonal
Vaults:1: st_lattice, v_rooms_6, ontoclasm_vaults_bender, v_misc_27, v_rooms_3,
          vaults_room_fours, v_misc_10, v_misc_17,
          nicolae_vaults_sealed_display, layout_vaults_chaotic_city,
          serial_shops, statue_bzr
Vaults:2: v_alt_pattern_2, vaults_dpeg_doors, hangedman_vaults_stitches,
          vaults_mumra_hex, hangedman_vaults_pinch, v_misc_8,
          vaults_room_door_ring, minmay_crypt_entry_simple_walls,
          hangedman_vaults_corner, nicolae_vaults_puzzle_piece,
          hangedman_vaults_impose, layout_vaults_maze_bifur, serial_shops,
          nicolae_shop_window_shopping, mu_enter_wizlab_7
Vaults:3: v_misc_9, v_misc_25, ontoclasm_vaults_ring_large,
          nicolae_vaults_big_angled_halls, v_misc_14,
          nicolae_vaults_big_angled_halls, nicolae_vaults_twisting_passages,
          ontoclasm_vaults_loading_screen, hangedman_vaults_trim,
          v_alt_pattern_5, hangedman_vaults_maws, v_rooms_6, special_room_vaults
          [special_room_orc], layout_vaults_omnibox
Vaults:4: gammafunk_vaults_ghost_fury_of_okawaru, v_pattern_3,
          hangedman_vaults_locks, vaults_room_grunt_arrival_checkpoint,
          v_misc_19, vaults_room_grid, vaults_dpeg_diagonal,
          ontoclasm_vaults_shuriken, layout_vaults_omnigrid, serial_shops,
          shop_statue, uniq_mara
Vaults:5: serial_shops
Crypt:1:  minmay_guarded_unrand_sceptre_of_torment, layout_chaotic_city,
          uniq_frederick
Crypt:2:  layout_basic, basic_altar
Crypt:3:  evilmike_haunted_forest
Depths:1: minmay_eight_partial_circles, layout_gridlike, abyss_entry,
          kennysheep_nub, grunt_hell_entry_dis_grunt, kennysheep_generic_room_6,
          uniq_asterion, uniq_enchantress
Depths:2: evilmike_inaccessible_box, layout_basic, pf_hell_entry_tar_river,
          serial_shops, kennysheep_little_box, serial_bayou_pond_b,
          firewood_loft
Depths:3: minmay_the_grid_octo_tiled_octocenter_mashed
          [minmay_the_grid_octo_concentric, minmay_the_grid_octo_checkerflower,
          minmay_the_grid_octo_horde, minmay_the_grid_octo_vomiting_pacman,
          minmay_the_grid_octo_prize_ultimate_mussel_roller,
          minmay_the_grid_square_5x5_almost_minimal,
          minmay_the_grid_square_5x5_eight_small,
          minmay_the_grid_square_5x5_n_small,
          minmay_the_grid_square_5x5_checkered_statues], layout_cave_shapes,
          pan_entry, serial_shops, shop, hell_entry
Depths:4: minmay_slanted_spiral_squares, layout_long_grid, enter_ziggurat_a,
          grunt_pan_entry_spiral, serial_shops, nicolae_shop_waterfront,
          kennysheep_cluttered_room, hell_entry, abyss_entry_crystal,
          lightli_fourway_metalbox, uniq_margery
Depths:5: hangedman_spin_cycle, hell_entry
Hell
Zot:1:    layout_basic, grunt_ministairs_9, zot_minivault_2
Zot:2:    layout_concentric_octagons
Zot:3:    layout_basic
Zot:4:    layout_gridlike
Zot:5:    layout_concentric_octagons, grunt_ministairs_10,
          lemuel_baited_zot_trap, door_vault

Skill      XL: |  1  2  3  4  5  6  7  8  9 10 11 12 13 14 15 16 17 18 19 20 21 22 23 24 25 26 27 |
---------------+----------------------------------------------------------------------------------+-----
Unarmed Combat | 4 5 6 7 8 10 12 13 14 15 16 17 19 20 21 22 23 24 25 26 27 | 27.0
Dodging        | 4 5 7 8 9 10 11 12 13 14 15 16 17 18 19 25 | 25.5
Armour         | 3 5 6 7 9 10 11 12 13 14 15 16 17 18 19 25 | 25.4
Fighting       | 4 6 8 9 10 12 13 15 16 18 19 20 21 23 25 26 27 | 27.0
Throwing       | |  1.7

Action                   |  1- 3 |  4- 6 |  7- 9 | 10-12 | 13-15 | 16-18 | 19-21 | 22-24 | 25-27 || total
-------------------------+-------+-------+-------+-------+-------+-------+-------+-------+-------++-------
Melee: Unarmed           |    68 |   141 |   418 |   659 |   973 |  1810 |  1606 |  1786 |  3694 || 11155
       Punch             |     1 |     3 |    16 |    40 |   110 |   165 |   178 |   207 |   513 ||  1233
Throw: Throwing net      |       |     2 |     2 |     2 |       |     1 |       |       |       ||     7
Evoke: Wand              |       |       |       |     9 |     3 |       |       |     2 |     1 ||    15
  Use: Scroll            |     2 |     1 |    13 |    11 |    14 |    12 |     6 |     3 |    12 ||    74
       Potion            |       |       |       |     2 |     1 |    10 |     3 |       |     8 ||    24
 Stab: Held in net/web   |       |     1 |       |       |       |       |       |       |       ||     1
       Petrified         |       |       |       |       |    11 |       |       |       |       ||    11
       Petrifying        |       |       |       |       |     1 |       |       |       |       ||     1
       Invisible         |       |       |       |       |       |    36 |    66 |    41 |   120 ||   263
       Distracted        |       |       |       |       |       |       |       |     1 |     1 ||     2
       Paralysed         |       |       |       |       |       |       |       |       |     3 ||     3
Armor: Leather armour    |    13 |       |       |       |       |       |       |       |       ||    13
       Plate armour      |       |    72 |   192 |   237 |       |   476 |   503 |   378 |   613 ||  2471
       Chain mail        |       |     4 |       |    42 |   434 |   126 |       |       |       ||   606
       Crystal plate arm |       |       |       |       |       |       |       |    57 |   903 ||   960
       Quicksilver drago |       |       |       |       |       |       |       |       |     3 ||     3
Dodge: Dodged            |    33 |    32 |    95 |   242 |   586 |  1600 |  1362 |  1174 |  3389 ||  8513
Block: Other             |     3 |    27 |    74 |    86 |   182 |   367 |   282 |   250 |   670 ||  1941
       Reflection        |       |       |     3 |     5 |     5 |    30 |    39 |     9 |    17 ||   108
